 Dungeon Crawl Stone Soup version 0.25.0-37-gb73750e0fb (webtiles) character file.

Game seed: 15638665876008664618

247 Gwenloh the Conjurer (level 5, 0/38 HPs)
             Began as a Demigod Wizard on July 8, 2020.
             Slain by Edmund
             ... wielding a +1 flail of distortion
              (3 damage)
             ... on level 4 of the Dungeon.
             The game lasted 00:15:15 (4279 turns).

Gwenloh the Conjurer (Demigod Wizard)               Turns: 4279, Time: 00:15:15

Health: 0/38       AC:  3    Str: 10    XL:     5   Next: 54%
Magic:  0/13       EV: 13    Int: 24    God:
Gold:   115        SH:  5    Dex: 14    Spells: 3/11 levels left

rFire    . . .     SeeInvis +   h - +0 whip
rCold    . . .     Gourm    .   (no shield)
rNeg     . . .     Faith    .   a - +0 robe
rPois    +         Spirit   .   b - +0 hat
rElec    .         Reflect  +   (no cloak)
rCorr    .         Harm     .   (no gloves)
MR       .....                  f - +0 pair of boots
Stlth    ++........             t - amulet of reflection
HPRegen  0.12/turn              s - ring of poison resistance
MPRegen  0.13/turn              l - ring of see invisible

@: no status effects
A: high mp 1
a: no special abilities


You were on level 4 of the Dungeon.
You were not hungry.

You visited 1 branch of the dungeon, and saw 4 of its levels.

You collected 115 gold pieces.

Inventory:

Hand Weapons
 h - a +0 whip (weapon)
 v - a +4 scimitar
Missiles
 q - 2 javelins (quivered)
Armour
 a - a +0 robe (worn)
 b - a +0 hat (worn)
 f - a +0 pair of boots (worn)
 i - a +0 pair of boots
 w - the +3 ring mail "Dyvownoa" {Slay+3}
   (You took it off an orc on level 3 of the Dungeon)

   It affects your accuracy and damage with ranged weapons and melee attacks
   (+3).
 x - a +0 cloak
Jewellery
 l - a ring of see invisible (right hand)
 s - a ring of poison resistance (left hand)
 t - an amulet of reflection (around neck)
Scrolls
 g - a scroll of remove curse
 j - 2 scrolls of identify {unknown}
 m - 2 scrolls of teleportation
 o - 2 scrolls of magic mapping {unknown}
 p - a scroll of noise {unknown}
 u - a scroll of enchant armour {unknown}
Potions
 c - a potion of lignification {unknown}
 e - 2 potions of curing {unknown}
 r - a potion of heal wounds {unknown}
 z - a potion of flight {unknown}
 A - a potion of resistance {unknown}
Comestibles
 d - 10 rations
 k - 4 chunks of flesh


   Skills:
 + Level 0.6 Armour
 - Level 2.8 Dodging
 - Level 1.7 Stealth
 + Level 3.5 Spellcasting
 * Level 3.6 Conjurations
 - Level 0.8 Summonings
 - Level 0.8 Translocations
 + Level 0.7 Air Magic
 + Level 0.6 Poison Magic


You had 3 spell levels left.
You knew the following spells:

 Your Spells              Type           Power        Failure   Level  Hunger
a - Magic Dart            Conj           ###.         2%          1    None
b - Blink                 Tloc           N/A          11%         2    #......
c - Call Imp              Summ           #.......     11%         2    #......
d - Mephitic Cloud        Conj/Pois/Air  ##......     16%         3    ###....

Your spell library contained the following spells:

 Spells                   Type           Power        Failure   Level  Hunger
 Conjure Flame            Conj/Fire      ##......     14%         3    ###....
 Slow                     Hex            #.......     16%         2    #......


Dungeon Overview and Level Annotations

Branches:
Dungeon (4/15)
 Temple: D:4-7

Annotations:
D:3 IHuginn's ghost, amateur FeMo; Terence
D:4 Edmund


Innate Abilities, Weirdness & Mutations

You have an increased reservoir of magic. (+10% MP)


Message History

Press: ? - help, Shift-Dir - straight line, f/p - Edmund
Aim: Edmund, wielding a +1 flail of distortion and wearing a +0 chain mail (severely wounded)
The magic dart hits Edmund but does no damage.
Edmund is severely wounded.
You block Edmund's attack.
The giant cockroach bites you but does no damage.
Casting: Magic Dart (safe; 2% risk of failure)
Confirm with . or Enter, or press ? or * to list all spells.
You don't have enough magic to cast that spell.
No previous command to re-do.
No previous command to re-do.
No previous command to re-do.
You hit Edmund but do no damage.
Edmund is severely wounded.
The giant cockroach closely misses you. You block Edmund's attack.
You hit Edmund but do no damage.
Edmund is severely wounded.
The giant cockroach misses you.
Edmund hits you with a +1 flail of distortion.
You die...

# #.#####
####.....###
......÷÷...###
######.......##
####÷....##
###....##
###...##
##...###
##.@@.###
##.s...#
##S......
##..... ##...
##


You could see Edmund, an adder (confused) and a giant cockroach.

Vanquished Creatures
  A scorpion (D:4)
  Jessica (D:2)
  2 worker ants
  6 adders
  A worm (D:2)
  A dart slug (D:1)
  10 orcs
  3 giant cockroaches
  5 goblins
  6 hobgoblins
  4 jackals (D:4)
  2 quokkas
  3 ball pythons (D:2)
  4 bats
  A frilled lizard (D:2)
  4 kobolds
  3 rats (D:2)
57 creatures vanquished.

Vanquished Creatures (collateral kills)
  2 orcs (D:3)
2 creatures vanquished.

Grand Total: 59 creatures vanquished

Notes
Turn   | Place    | Note
-------+----------+-------------------------------------------
     0 | D:1      | Gwenloh the Demigod Wizard began the quest for the Orb.
     0 | D:1      | Reached XP level 1. HP: 14/14 MP: 6/6
    66 | D:1      | Reached skill level 1 in Conjurations
   962 | D:2      | Noticed Jessica
   977 | D:1      | Reached XP level 2. HP: 20/20 MP: 0/8
  1045 | D:1      | Learned a level 2 spell: Blink
  1048 | D:1      | Learned a level 2 spell: Call Imp
  1113 | D:2      | Killed Jessica
  1113 | D:2      | Reached XP level 3. HP: 25/26 MP: 1/10
  1722 | D:2      | Found a faded altar of an unknown god.
  2188 | D:3      | Noticed Terence
  2402 | D:3      | Reached XP level 4. HP: 33/33 MP: 7/11
  2661 | D:3      | Found a shattered altar of Ashenzari.
  3033 | D:3      | Found a sparkling altar of Nemelex Xobeh.
  3128 | D:3      | Found a runed translucent gate.
  3128 | D:3      | Found a runed translucent gate.
  3128 | D:3      | Found a runed translucent gate.
  3132 | D:3      | Noticed IHuginn's ghost (amateur FeMo)
  3133 | D:3      | Identified the +3 ring mail "Dyvownoa" {Slay+3}
  3134 | D:3      | Found a roughly hewn altar of Beogh.
  3292 | D:3      | Upgraded the game from 0.25.0-33-gff14898491 to
                  | 0.25.0-37-gb73750e0fb
  3634 | D:3      | Reached XP level 5. HP: 38/38 MP: 11/13
  3642 | D:3      | Learned a level 3 spell: Mephitic Cloud
  4264 | D:4      | Noticed Edmund
  4279 | D:4      | Slain by Edmund

Illustrated notes

Levels and vault maps discovered:
D:1:      shiori_arrival_elements, layout_basic
D:2:      layout_rooms, chequers_ecumenical_altar_simple, uniq_jessica
D:3:      layout_basic, old_standard_altar, nicolae_overflow_hidden_temple,
          biasface_ghost_orc_armoury, serial_bayou_pond_d, uniq_terence
D:4:      layout_basic, first_ration, serial_curves, eino_curves_01,
          eino_curves_03, eino_curves_04, uniq_ijyb, uniq_edmund

Skill      XL: |  1  2  3  4 |
---------------+-------------+-----
Conjurations   | 1 2 3 |  3.6
Dodging        | 2 |  2.8
Spellcasting   | 3 |  3.5
Armour         | |  0.6
Stealth        | |  1.7
Summonings     | |  0.8
Translocations | |  0.8
Air Magic      | |  0.7
Poison Magic   | |  0.6

Action                   |  1- 3 |  4- 6 || total
-------------------------+-------+-------++-------
Melee: Whip              |     8 |    12 ||    20
 Cast: Magic Dart        |    99 |   108 ||   207
       Call Imp          |     1 |     2 ||     3
       Mephitic Cloud    |       |     2 ||     2
  Use: Scroll            |       |     2 ||     2
  Eat: Chunk             |     4 |     6 ||    10
Armor: Robe              |     5 |     5 ||    10
Dodge: Dodged            |    20 |    25 ||    45
Block: Other             |       |     5 ||     5
